 Dungeon Crawl Stone Soup version 0.24.1-8-ga250c9d538 (webtiles) character file.

Game seed: 16962701062534773868, levelgen mode: deterministic

78 duckybubbers the Grave Robber (level 4, 0/33 HPs)
             Began as a Centaur Necromancer on Apr 29, 2020.
             Succumbed to Robin's poison
             ... on level 2 of the Dungeon.
             The game lasted 00:05:27 (2763 turns).

duckybubbers the Grave Robber (Centaur Necromancer) Turns: 2763, Time: 00:05:28

Health: 0/33       AC:  4    Str: 12    XL:     4   Next: 15%
Magic:  4/7        EV: 10    Int: 14    God:
Gold:   135        SH:  0    Dex:  9    Spells: 2/7 levels left

rFire    . . .     SeeInvis .   n - +2 dagger (venom)
rCold    . . .     Gourm    .   (no shield)
rNeg     . . .     Faith    .   a - +0 robe
rPois    .         Spirit   .   (no helmet)
rElec    .         Reflect  .   (no cloak)
rCorr    .         Harm     .   (no gloves)
MR       +....                  (no barding)
Stlth    +.........             (no amulet)
HPRegen  0.11/turn              d - ring of protection from magic
MPRegen  0.10/turn              (no ring)

@: lethally poisoned (0 -> -29), very slightly contaminated, very quick
A: large, hooves 3, deformed body, speed 2, tough skin 3
a: no special abilities


You were on level 2 of the Dungeon.
You were not hungry.

You visited 1 branch of the dungeon, and saw 3 of its levels.

You collected 135 gold pieces.

Inventory:

Hand Weapons
 n - a +2 dagger of venom (weapon)
Armour
 a - a +0 robe (worn)
Jewellery
 d - a ring of protection from magic (left hand)
Scrolls
 b - 2 scrolls of immolation {unknown}
 e - a scroll of identify {unknown}
 k - a scroll of fog {unknown}
Potions
 g - a potion of lignification {unknown}
 h - a potion of might {unknown}
 i - a potion of invisibility {unknown}
 j - a potion of flight {unknown}
 l - a potion of mutation {unknown}
 m - a potion of ambrosia {unknown}
Comestibles
 c - 5 rations


   Skills:
 + Level 0.2 Fighting
   Level 1.2 Axes
 + Level 1.6 Dodging
 + Level 1.2 Stealth
 + Level 2.3 Spellcasting
 + Level 4.1 Necromancy


You had 2 spell levels left.
You knew the following spells:

 Your Spells              Type           Power        Failure   Level  Hunger
a - Pain                  Necr           ##..         4%          1    #......
b - Animate Skeleton      Necr           N/A          4%          1    #......
c - Vampiric Draining     Necr           ##........   12%         3    ###....

Your spell library contained the following spells:

 Spells                   Type           Power        Failure   Level  Hunger
 Regeneration             Chrm/Necr      #.........   30%         3    ###....
 Animate Dead             Necr           N/A          38%         4    #####..


Dungeon Overview and Level Annotations

Branches:
Dungeon (3/15)

Altars:

Annotations:
D:2 Robin


Innate Abilities, Weirdness & Mutations

You have hooves in place of feet.
Armour fits poorly on your strangely shaped body.
You cover ground very quickly.
You have extremely tough skin. (AC +3)


Message History

You feel sick.
Robin hits you with a +3 spear of venom.
You barely miss Robin.
Robin is heavily wounded.
You feel sick.
Robin hits you with a +3 spear of venom.
You are more poisoned.
You barely miss Robin.
Robin is heavily wounded.
You feel sick.
Robin hits you with a +3 spear of venom!
* * * LOW HITPOINT WARNING * * *
You are more poisoned.
* * * LOW HITPOINT WARNING * * *
You feel sick.
* * * LOW HITPOINT WARNING * * *
You feel sick.
As you read the scroll of fear, it crumbles to dust.
You assume a fearsome visage.
Robin looks frightened!
You die...

.<########....#..#####.# #.#
#. ..#....########........#
#.# #. .......'..#
#...####.# #.# #.
.......##.# #...#..# #.# #.
.#.....##.# #...#..#.# #.#
#. .......##.# #........#
#)# #. .......##.#
#.g.######.#.# #.
...######.#####..........#.#
#. '#.# #.......@#########.#
#. .#(# ########.# #.# #.
##.# #.#########.# #. #.#
#...........# #. #.#
###################. #.#
#................... ##.#
#.##################
.#.######### #.#
.#.........# #.####


You could see Robin (fleeing).

Vanquished Creatures
  Jessica (D:2)
  An adder (D:2)
  A dart slug (D:2)
  A giant cockroach (D:2)
  5 goblins (D:2)
  5 hobgoblins
  4 jackals (D:1)
  6 kobolds
  3 ball pythons (D:2)
  5 bats
  2 frilled lizards (D:1)
  5 rats
39 creatures vanquished.

Notes
Turn   | Place    | Note
-------+----------+-------------------------------------------
     0 | D:1      | duckybubbers the Centaur Necromancer began the quest for
                  | the Orb.
     0 | D:1      | Reached XP level 1. HP: 14/14 MP: 3/3
   336 | D:1      | Reached XP level 2. HP: 7/20 MP: 0/4
  1656 | D:2      | Reached skill level 1 in Axes
  1846 | D:2      | Reached XP level 3. HP: 26/26 MP: 3/5
  2030 | D:2      | Noticed Jessica
  2037 | D:2      | Killed Jessica
  2037 | D:2      | Reached skill level 4 in Necromancy
  2196 | D:2      | Noticed Robin
  2471 | D:1      | Learned a level 1 spell: Animate Skeleton
  2475 | D:1      | Learned a level 3 spell: Vampiric Draining
  2611 | D:2      | Reached XP level 4. HP: 31/33 MP: 7/7
  2763 | D:2      | Succumbed to Robin's poison

Levels and vault maps discovered:
D:1:      saegor_arrival_under_anarchy, layout_loops_corners
D:2:      layout_basic, minmay_misc_feat_four_crosses, minmay_split_cup_large,
          uniq_jessica, uniq_robin
D:3:      layout_rooms, lemuel_doored_altar, old_standard_altar,
          nemelex_xobeh_ov_fountains_minmay, lemuel_round_altar,
          chequers_ecumenical_altar_island, first_ration

Skill      XL: |  1  2  3 |
---------------+----------+-----
Axes           | 1 |  1.2
Spellcasting   | 2 |  2.3
Necromancy     | 4 |  4.1
Fighting       | |  0.2
Dodging        | |  1.6
Stealth        | |  1.2

Action                   |  1- 3 |  4- 6 || total
-------------------------+-------+-------++-------
Melee: Hand axe          |    39 |       ||    39
       Kick              |     8 |       ||     8
       Dagger            |    17 |     5 ||    22
 Cast: Pain              |    59 |     7 ||    66
       Animate Skeleton  |       |     1 ||     1
  Use: Scroll            |     3 |     1 ||     4
  Eat: Chunk             |     2 |       ||     2
       Ration            |     1 |       ||     1
Armor: Robe              |    44 |     1 ||    45
Dodge: Dodged            |    57 |     1 ||    58
